 Dungeon Crawl Stone Soup version 0.29.0-4-gdea44cf6ec (webtiles) character file.

Game seed: 15162963474999723200

35 qw the Chopper (level 3, 0/21 HPs)
             Began as a Tengu Warper on Aug 28, 2022.
             Slain by a goblin
             ... wielding a +0 dagger
             ... led by Robin
              (3 damage)
             ... on level 2 of the Dungeon.
             The game lasted 00:00:05 (1164 turns).

qw the Chopper (Tengu Warper)                       Turns: 1164, Time: 00:00:06

Health: 0/21       AC:  5    Str: 13    XL:     3   Next: 35%
Magic:  7/7        EV: 11    Int: 13    God:
Gold:   9          SH:  0    Dex: 13    Spells: 6/6 levels left

rFire   . . .      SeeInvis .   Y - +0 hand axe
rCold   . . .      Faith    .   (no shield)
rNeg    . . .      Spirit   .   f - +0 ring mail
rPois   .          Reflect  .   (helmet restricted)
rElec   .          Harm     .   (no cloak)
rCorr   .          Rampage  .   (no gloves)
Will    .....                   (boots unavailable)
Stlth   +.........              (no amulet)
HPRegen 0.07/turn               (no ring)
MPRegen 0.10/turn               (no ring)

@: no status effects
A: beak, talons 3
a: no special abilities


You were on level 2 of the Dungeon.
You visited 1 branch of the dungeon, and saw 2 of its levels.

You collected 41 gold pieces.
You spent 32 gold pieces at shops.


Innate Abilities, Weirdness & Mutations

You have a beak for a mouth.
You have claws for feet.


   Skills:
 - Level 2.0 Fighting
 + Level 4.1 Axes
 - Level 1.0 Throwing
 - Level 1.1 Armour
 - Level 2.1 Dodging
 - Level 2.0 Spellcasting
 - Level 2.4 Translocations


You had 6 spell levels left.
You didn't know any spells.
Your spell library contained the following spells:

 Spells                   Type           Power      Damage    Failure   Level
 Blink                    Tloc           14%        N/A       30%         2
 Gell's Gravitas          Tloc           7%         N/A       52%         3
 Lesser Beckoning         Tloc           7%         N/A       52%         3
 Teleport Other           Tloc           7%         N/A       52%         3
 Manifold Assault         Tloc           7%         N/A       99%         5

Inventory:

Hand Weapons
 n - a +0 whip
 Y - a +0 hand axe (weapon)
Armour
 f - a +0 ring mail (worn)
Scrolls
 e - a scroll of identify
Potions
 j - a potion of ambrosia {unknown}
 k - a potion of brilliance {unknown}
 l - a potion of curing {unknown}
 m - a potion of lignification {unknown}

Dungeon Overview and Level Annotations

Branches:
Dungeon (2/15)

Altars:

Shops:
D:1 (


Message History

The goblin hits you with a +0 dagger.
You see here a +0 dagger.
You hit the goblin. You claw the goblin.
You kill the goblin!
A goblin comes into view. It is wielding a +0 dagger.
Robin hits you from afar with a +0 spear.
Robin hits you but does no damage.
A goblin comes into view. It is wielding a +0 dagger.
Things that are here:
a +0 dagger; a +0 sling You barely miss Robin.
The goblin shouts!
Your kick misses Robin. Robin hits you but does no damage.
You hit Robin but do no damage. Your kick misses Robin.
You peck Robin, but do no damage. Robin hits you with a +0 spear.
A hobgoblin comes into view.
You hit Robin. Your peck misses Robin.
Robin is lightly wounded.
Robin hits you with a +0 spear.
You barely miss Robin. Your kick misses Robin.
Robin is lightly wounded.
Robin hits you with a +0 spear.
You closely miss Robin. You claw Robin. You peck Robin.
Robin is almost dead.
Robin throws the goblin at you!
Robin roars a battlecry!
The goblins go into a battle-frenzy!
The goblin hits you with a +0 dagger.
You hit Robin.
You kill Robin!
You hit the goblin. The goblin hits you with a +0 dagger.
Your Axes skill increases to level 4!
You closely miss the goblin.
The goblin is moderately wounded.
You miss the goblin. The goblin hits you but does no damage.
The goblin hits you with a +0 dagger.
You die...

##########
.....gg@g#
.#######)#
#....<#.#
#.#####.#
#.......#
#########


You could see a hobgoblin (strong) and 2 goblins.

Vanquished Creatures
  Robin (D:2)
  2 bats (D:1)
  An endoplasm (D:2)
  2 giant cockroaches (D:1)
  A hobgoblin (D:1)
  7 ball pythons (D:1)
  A frilled lizard (D:1)
  4 goblins
  3 kobolds (D:1)
  2 rats (D:1)
24 creatures vanquished.

Notes
Turn   | Place    | Note
-------+----------+-------------------------------------------
     0 | D:1      | qw the Tengu Warper began the quest for the Orb.
     0 | D:1      | Reached XP level 1. HP: 12/12 MP: 4/4
     0 | D:1      | 0 ||| qw: Version: 0.1-a-89-g26bdef1
     0 | D:1      | 0 ||| qw: Game counter: 3094
     0 | D:1      | 0 ||| qw: Always use a shield: true
     0 | D:1      | 0 ||| qw: God list: Okawaru
     0 | D:1      | 0 ||| qw: Allow faded altars: false
     0 | D:1      | 0 ||| qw: Do Orc after D:15 true
     0 | D:1      | 0 ||| qw: Do second Lair branch before Depths: true
     0 | D:1      | 0 ||| qw: Lair rune preference: random
     0 | D:1      | 0 ||| qw: Plans: Normal
     0 | D:1      | 0 ||| PLANNING D:1-11
   105 | D:1      | Reached XP level 2. HP: 17/17 MP: 6/6
   108 | D:1      | 108 ||| Stepping ~*~*~tactically~*~*~ (stealth).
   109 | D:1      | 109 ||| Stepping ~*~*~tactically~*~*~ (stealth).
   110 | D:1      | 110 ||| Stepping ~*~*~tactically~*~*~ (stealth).
   112 | D:1      | 112 ||| Stepping ~*~*~tactically~*~*~ (stealth).
   186 | D:1      | Reached skill level 3 in Axes
   289 | D:1      | 289 ||| Stepping ~*~*~tactically~*~*~ (stealth).
   291 | D:1      | 291 ||| Stepping ~*~*~tactically~*~*~ (stealth).
   293 | D:1      | 293 ||| Stepping ~*~*~tactically~*~*~ (stealth).
   360 | D:1      | 360 ||| Stepping ~*~*~tactically~*~*~ (stealth).
   831 | D:1      | Found Nufuol's Weapon Shoppe.
   839 | D:1      | 839 ||| BUYING +0 whip (32 gold).
   839 | D:1      | Bought a +0 whip for 32 gold pieces
   839 | D:1      | 839 ||| DROPPING +0 club.
  1094 | D:1      | 1094 ||| UPGRADING to +0 ring mail.
  1104 | D:1      | 1104 ||| DROPPING +0 leather armour.
  1105 | D:1      | 1105 ||| DROPPING ring of flight.
  1106 | D:1      | 1106 ||| READING scroll labelled OMURUZ LEQAM.
  1110 | D:1      | 1110 ||| READING 2 scrolls labelled NIQUUD FUKU.
  1111 | D:1      | 1111 ||| DRINKING 2 sedimented black potions.
  1112 | D:1      | 1112 ||| DROPPING scroll of blinking.
  1113 | D:1      | 1113 ||| DROPPING potion of flight.
  1145 | D:2      | 1145 ||| Stepping ~*~*~tactically~*~*~ (stealth).
  1146 | D:2      | 1146 ||| Stepping ~*~*~tactically~*~*~ (stealth).
  1149 | D:2      | Reached XP level 3. HP: 21/21 MP: 7/7
  1150 | D:2      | 1150 ||| Stepping ~*~*~tactically~*~*~ (hiding).
  1155 | D:2      | Noticed Robin
  1162 | D:2      | HP: 5/21 [goblin/+0 dagger[Robin] (5)]
  1163 | D:2      | Killed Robin
  1164 | D:2      | Reached skill level 4 in Axes
  1164 | D:2      | Slain by a goblin

Levels and vault maps discovered:
D:1:      psy_arrival_spokes, layout_basic, serial_shops,
          nicolae_shop_bloodbath_and_beyond, minmay_misc_feat_more_columns,
          hangedman_decor_growths, skrybe_limestone_x
D:2:      layout_basic, uniq_robin

Skill      XL: |  1  2  3 |
---------------+----------+-----
Axes           | 3 4 |  4.1
Fighting       | |  2.0
Throwing       | |  1.0
Armour         | |  1.1
Dodging        | |  2.1
Spellcasting   | |  2.0
Translocations | |  2.4

Action                   || total
-------------------------++-------
Melee: Hand axe          ||    45
       Kick              ||    11
       Peck              ||    10
Throw: Boomerang         ||     7
  Use: Scroll            ||     2
       Potion            ||     1
Armor: Leather armour    ||     6
       Ring mail         ||     4
Dodge: Dodged            ||    18

Table legend:
 A = Non-vault XP
 B = Vault XP
 C = Vault XP percentage of total XP
 D = Non-vault monster count
 E = Vault monster count
 F = Vault count percentage of total count
                 A         B        C        D         E       F
            +---------+---------+-------+---------+---------+-------
      Total |      32 |      19 |  37.3 |      21 |       3 |  12.5
            +---------+---------+-------+---------+---------+-------
        D:1 |      30 |       0 |   0.0 |      20 |       0 |   0.0
        D:2 |       2 |      19 |  90.5 |       1 |       3 |  75.0
            +---------+---------+-------+---------+---------+-------
